 Dungeon Crawl Stone Soup version 0.27-b1-42-g19c61b19a5 (webtiles) character file.

Game seed: 9354188800335019519

147 Descartes the Magician (level 5, -3/28 HPs)
             Began as a Deep Elf Hedge Wizard on July 29, 2021.
             Was an Initiate of Ashenzari.
             Succumbed to a scorpion's poison
             ... in an ossuary.
             The game lasted 00:13:00 (4087 turns).

Descartes the Magician (Deep Elf Hedge Wizard)      Turns: 4087, Time: 00:13:00

Health: -3/28      AC:  4    Str:  7    XL:     5   Next: 7%
Magic:  15/15      EV: 13    Int: 20    God:    Ashenzari [......]
Gold:   197        SH:  0    Dex: 14    Spells: 13/16 levels left

rFire    . . .     SeeInvis .   r - +2 long sword (holy)
rCold    . . .     Faith    .   (no shield)
rNeg     . . .     Spirit   .   v - +1 robe of the Sidereal Sage {Will+, Comp, Fort} (curse)
rPois    .         Reflect  .   m - +0 helmet
rElec    .         Harm     .   (no cloak)
rCorr    +         Rampage  .   (no gloves)
Will     +....                  (no boots)
Stlth    ++........             w - amulet of magic regeneration
HPRegen  0.09/turn              j - ring of resist corrosion
MPRegen  0.39/turn              (no ring)

@: lethally poisoned (-3 -> -19), studying Necromancy
A: no striking features
a: Renounce Religion, Shatter the Chains


You were in an ossuary.
You worshipped Ashenzari.
Ashenzari was noncommittal.
You visited 1 branch of the dungeon, and saw 4 of its levels.
You also visited: Ossuary.

You collected 1317 gold pieces.
You spent 1120 gold pieces at shops.

Inventory:

Hand Weapons
 r - a +2 long sword of holy wrath (weapon)
Missiles
 c - 35 poisoned darts
 e - 2 javelins
 h - 220 stones
 l - 32 sling bullets
 p - 14 arrows
Armour
 b - a +0 robe
 m - a +0 helmet (worn)
 v - the cursed +1 robe of the Sidereal Sage (worn) {Will+, Comp, Fort}
   (You found it on level 3 of the Dungeon)

   It has a curse which improves the following skills: Companions: Summonings
   and Necromancy.
   Fortitude: Armour and Shields.
Jewellery
 j - a ring of resist corrosion (left hand)
 w - an amulet of magic regeneration (around neck)
Scrolls
 a - a scroll of enchant weapon
 d - 5 scrolls of identify
 g - a scroll of amnesia
 k - a scroll of vulnerability
 q - a scroll of immolation
 t - a scroll of magic mapping
Potions
 f - a potion of berserk rage
 i - 2 potions of degeneration
 n - a potion of attraction
 o - a potion of magic
 s - a potion of brilliance
 u - a potion of heal wounds


   Skills:
 + Level 3.3 Dodging
 + Level 3.5 Stealth
 + Level 6.0 Spellcasting
 + Level 2.1 Conjurations
 - Level 1.1(1.4) Summonings
 + Level 2.2 Translocations


You had 13 spell levels left.
You knew the following spells:

 Your Spells              Type           Power      Damage    Failure   Level
a - Magic Dart            Conj           56%        1d5       4%          1
b - Blink                 Tloc           N/A        N/A       6%          2

Your spell library contained the following spells:

 Spells                   Type           Power      Damage    Failure   Level
 Call Imp                 Summ           11%        N/A       9%          2
 Slow                     Hex            6%         N/A       16%         2
 Conjure Flame            Conj/Fire      10%        6-21      21%         3
 Dazzling Flash           Conj/Hex       20%        N/A       21%         3
 Mephitic Cloud           Conj/Pois/Air  8%         N/A       24%         3
 Agony                    Necr           6%         N/A       96%         5
 Silence                  Hex/Air        3%         N/A       96%         5


Dungeon Overview and Level Annotations

Branches:
Dungeon (4/15)            Ossuary (1/1)
 Temple: D:4-7

Altars:
Ashenzari
Cheibriados
Fedhas
Okawaru
Uskayaw
Wu Jian

Shops:
D:1 :


Message History

You start resting.
You start resting.
HP restored.
Unknown command.
You start waiting.
Done waiting.
You open the door.
Found a gate leading back out of this place.
There is an open door here.
You open the door.
A scorpion and a zombie come into view.
There is an open door here.
You slash the orc zombie!
The orc zombie convulses!
You destroy the orc zombie!
You closely miss the scorpion. The scorpion misses you.
The scorpion stings you but does no damage.
You slash the scorpion!
The scorpion is moderately wounded.
The scorpion closely misses you.
You hit the scorpion.
The scorpion is heavily wounded.
The scorpion barely misses you. The scorpion stings you.
You are poisoned.
The scorpion poisons you!
You barely miss the scorpion.
The scorpion is heavily wounded.
You feel very sick. The scorpion closely misses you. The scorpion stings you.
You are lethally poisoned!
The scorpion poisons you!
You are too injured to fight recklessly!
You barely miss the scorpion.
The scorpion is heavily wounded.
* * * LOW HITPOINT WARNING * * *
You feel very sick. The scorpion stings you.
* * * LOW HITPOINT WARNING * * *
You hit the scorpion but do no damage.
The scorpion is heavily wounded.
You die...

#############
#...#...#...#
#.∩.#...8...+
#...#.......#
##'###8s..8##
#...#.@.....#
#.∩.'...8...#
#...#...#...#
######### ###


You could see a scorpion.

Vanquished Creatures
  A human zombie (D:4)
  A hound skeleton (D:4)
  4 adders
  A worm (D:3)
  An orc (D:3)
  4 endoplasms (D:1)
  A giant cockroach (D:2)
  10 goblins
  8 hobgoblins
  2 jackals (D:2)
  6 kobolds
  5 quokkas
  4 ball pythons
  5 bats
  2 frilled lizards
  An orc skeleton (D:4)
  An orc zombie (Ossuary)
  5 rats
62 creatures vanquished.

Notes
Turn   | Place    | Note
-------+----------+-------------------------------------------
     0 | D:1      | Descartes the Deep Elf Hedge Wizard began the quest for the
                  | Orb.
     0 | D:1      | Reached XP level 1. HP: 10/10 MP: 7/7
   323 | D:1      | Reached skill level 5 in Spellcasting
   323 | D:1      | Reached XP level 2. HP: 15/15 MP: 7/10
   638 | D:1      | Learned a level 2 spell: Blink
   952 | D:1      | Found Talyqa Riazo's Book Boutique.
  1383 | D:2      | Reached XP level 3. HP: 19/19 MP: 7/12
  1608 | D:2      | Found a faded altar of an unknown god.
  1643 | D:2      | Found a snail-covered altar of Cheibriados.
  1671 | D:2      | Became a worshipper of Ashenzari the Shackled
  2522 | D:2      | Identified a scroll of acquirement
  2846 | D:3      | Reached XP level 4. HP: 24/24 MP: 10/13
  2970 | D:3      | Found a blossoming altar of Fedhas.
  3159 | D:3      | Found a hide-covered altar of Uskayaw.
  3228 | D:3      | Found an iron altar of Okawaru.
  3234 | D:3      | Found an ornate altar of the Wu Jian Council.
  3254 | D:3      | Acquired 1200 gold pieces
  3423 | D:1      | Bought a manual of Necromancy for 1120 gold pieces
  3694 | D:4      | Found a sand-covered staircase.
  3708 | D:4      | Reached skill level 6 in Spellcasting
  3708 | D:4      | Reached XP level 5. HP: 4/28 MP: 13/15
  3710 | Ossuary  | Entered an ossuary
  4087 | Ossuary  | Succumbed to a scorpion's poison

Illustrated notes

Levels and vault maps discovered:
D:1:      mrwooster_arrival_arrow, layout_loops_ring, serial_shops, shop
D:2:      layout_basic, basic_altar, basic_ecumenical_altar, minmay_tetromino_o4
D:3:      layout_rooms, grunt_temple_overflow_open, lemuel_doored_altar,
          mainiacjoe_overflow_alcove_1
D:4:      layout_loops_ring, zin_purify, minmay_temple_entry_slanted,
          nicolae_ossuary_entry_catacombs
Ossuary:  ossuary_minmay_scorpions

Skill      XL: |  1  2  3  4 |
---------------+-------------+-----
Spellcasting   | 5 6 |  6.0
Stealth        | 3 |  3.5
Dodging        | 3 |  3.3
Translocations | 2 |  2.2
Conjurations   | 2 |  2.1
Summonings     | |  1.1

Action                   |  1- 3 |  4- 6 || total
-------------------------+-------+-------++-------
Melee: Dagger            |    35 |       ||    35
       Long sword        |     2 |    27 ||    29
 Cast: Magic Dart        |    95 |    35 ||   130
       Blink             |     1 |       ||     1
Invok: Curse Item        |     1 |     1 ||     2
       Shatter the Chain |     1 |       ||     1
  Use: Scroll            |       |     1 ||     1
 Stab: Sleeping          |     1 |     1 ||     2
Armor: Robe              |    12 |     4 ||    16
Dodge: Dodged            |    34 |    16 ||    50
       Rpst.: Long sword |       |     5 ||     5
